 Dungeon Crawl Stone Soup version 0.29.1-2-gbd0b4ee654 (webtiles) character file.

Game seed: 8526154124245965861

159665 safid the Crack Shot (level 17, 0/156 HPs)
             Began as a Minotaur Hunter on Nov 9, 2022.
             Was a High Priest of Okawaru.
             Slain by a naga warrior
             ... wielding a +1 hand axe of flaming
              (1 damage)
             ... on level 3 of the Snake Pit on Nov 10, 2022.
             The game lasted 01:32:09 (38099 turns).

safid the Crack Shot (Minotaur Hunter)             Turns: 38099, Time: 01:32:11

Health: 0/156      AC: 26    Str: 14    XL:     17   Next: 16%
Magic:  23/23      EV: 13    Int: 13    God:    Okawaru [*****.]
Gold:   3088       SH:  0    Dex: 18    Spells: 14/16 levels left

rFire   + + +      SeeInvis .   C - +6 triple crossbow "Esilacly" {vorpal, rPois Int+7}
rCold   + . .      Faith    .   (shield currently unavailable)
rNeg    + + +      Spirit   .   m - +9 scale mail of Golden Birdsong {rF+}
rPois   +          Reflect  .   (helmet restricted)
rElec   +          Harm     .   O - +0 cloak "Gieth" {Fly rF++ Dex-2 Stlth+}
rCorr   +          Rampage  .   I - +2 pair of gloves {infuse}
Will    ++...                   j - +2 pair of boots
Stlth   +.........              o - amulet of regeneration
HPRegen 1.16/turn               D - ring of protection from cold
MPRegen 0.18/turn               B - ring of Oxourae {rElec rN+++ Will+ rCorr Str-4}

@: lethally poisoned (0 -> -1), flying, constricted
A: horns 2, retaliatory headbutt
a: Renounce Religion, Heroism, Finesse, Duel


You were on level 3 of the Snake Pit.
You worshipped Okawaru.
Okawaru was extremely pleased with you.
You visited 8 branches of the dungeon, and saw 29 of its levels.
You also visited: Bailey, Gauntlet and Ice Cave.

You collected 3560 gold pieces.
You spent 472 gold pieces at shops.

Inventory:

Hand Weapons
 C - the +6 triple crossbow "Esilacly" (weapon) {vorpal, rPois Int+7}
   (Okawaru gifted it to you on level 2 of the Orcish Mines)

   Any ammunition fired from it inflicts extra damage upon your enemies.
   Int:       It affects your intelligence (+7).
   rPois:     It protects you from poison.
 M - the +7 arbalest "Muh Ufo" {elec, Int+2}
   (Okawaru gifted it to you on level 2 of the Orcish Mines)

   Any ammunition fired from it occasionally discharges a powerful burst of
   electricity upon striking a foe.
   Int:       It affects your intelligence (+2).
 P - a +4 vorpal longbow
Missiles
 d - 9 throwing nets
 q - 19 javelins
 K - 10 curare-tipped darts
Armour
 j - a +2 pair of boots (worn)
 m - the +9 scale mail of Golden Birdsong (worn) {rF+}
   (You took it off an orc warrior in a bailey)

   rF:        It protects you from fire.
 I - a +2 pair of gloves of infusion (worn)
 O - the +0 cloak "Gieth" (worn) {Fly rF++ Dex-2 Stlth+}
   (You found it on level 11 of the Dungeon)

   Dex:       It affects your dexterity (-2).
   rF:        It greatly protects you from fire.
   Fly:       It grants you flight.
   Stlth:     It makes you more stealthy.
Jewellery
 h - a ring of positive energy
 o - an amulet of regeneration (around neck)
 B - the ring of Oxourae (right hand) {rElec rN+++ Will+ rCorr Str-4}
   (You took it off a minotaur in a Gauntlet)

   [ring of resist corrosion]

   Str:       It affects your strength (-4).
   rElec:     It insulates you from electricity.
   rN:        It renders you almost immune to negative energy.
   rCorr:     It protects you from acid and corrosion.
   Will:      It increases your willpower.
 D - a ring of protection from cold (left hand)
 R - a ring of poison resistance
Wands
 e - a wand of iceblast (33)
 l - a wand of digging (6)
 u - a wand of mindburst (13)
 G - a wand of flame (13)
 H - a wand of polymorph (15)
 S - a wand of light (12)
Scrolls
 b - 3 scrolls of enchant armour
 i - a scroll of silence
 n - 2 scrolls of enchant weapon
 t - a scroll of blinking
 v - 4 scrolls of fear
 w - 9 scrolls of teleportation
 J - 2 scrolls of brand weapon
Potions
 a - 4 potions of resistance
 c - 6 potions of ambrosia
 f - 2 potions of haste
 g - 4 potions of curing
 k - 5 potions of mutation
 p - a potion of magic
 r - 5 potions of invisibility
 z - 7 potions of might
 A - 6 potions of cancellation
 L - 3 potions of lignification
 T - 2 potions of flight
Miscellaneous
 N - a lightning rod (4/4)


   Skills:
 - Level 15.0 Fighting
 + Level 23.8 Ranged Weapons
 - Level 12.0 Armour
 - Level 12.0 Dodging
 - Level 0.7 Stealth
 - Level 6.0 Translocations
 - Level 10.0 Invocations


You had 14 spell levels left.
You knew the following spells:

 Your Spells              Type           Power      Damage    Failure   Level
a - Blink                 Tloc           30%        N/A       12%         2

Your spell library contained the following spells:

 Spells                   Type           Power      Damage    Failure   Level
 Apportation              Tloc           30%        N/A       8%          1
 Freeze                   Ice            0%         1d3       67%         1
 Necrotise                Necr           0%         1d4       67%         1
 Passwall                 Tmut/Erth      0%         N/A       80%         2
 Scorch                   Fire           0%         2d5       80%         2
 Static Discharge         Conj/Air       0%         3-3/arc   80%         2
 Sublimation of Blood     Necr           0%         N/A       80%         2
 Wereblood                Tmut           0%         N/A       80%         2
 Manifold Assault         Tloc           15%        N/A       91%         5
 Conjure Flame            Conj/Fire      0%         6-21      95%         3
 Frozen Ramparts          Ice            0%         1d1       95%         3
 Ignite Poison            Fire/Tmut/Pois 0%         N/A       95%         3
 Mephitic Cloud           Conj/Pois/Air  0%         N/A       95%         3
 Dispel Undead            Necr           0%         3d6       100%        4
 Flame Wave               Conj/Fire      0%         2d4       100%        4
 Hailstorm                Conj/Ice       0%         3d3       100%        4
 Petrify                  Tmut/Erth      0%         N/A       100%        4
 Sticky Flame             Conj/Fire      0%         2d3       100%        4
 Blade Hands              Tmut           0%         N/A       100%        5
 Borgnjor's Vile Clutch   Necr/Erth      0%         N/A       100%        5
 Freezing Cloud           Conj/Ice/Air   0%         6-21      100%        5
 Metabolic Englaciation   Hex/Ice        0%         N/A       100%        5
 Iron Shot                Conj/Erth      0%         9d1       100%        6
 Statue Form              Tmut/Erth      0%         N/A       100%        6
 Storm Form               Tmut/Air       0%         N/A       100%        7
 Chain Lightning          Conj/Air       0%         N/A       100%        9
 Fire Storm               Conj/Fire      0%         5d1       100%        9
 Shatter                  Erth           0%         3d5*      100%        9
 Summon Small Mammal      Summ           Unusable   N/A       N/A         1
 Animate Armour           Summ/Erth      Unusable   N/A       N/A         4
 Animate Dead             Necr           Unusable   N/A       N/A         4
 Death Channel            Necr           Unusable   N/A       N/A         6
 Summon Cactus Giant      Summ           Unusable   N/A       N/A         6
 Summon Hydra             Summ           Unusable   N/A       N/A         7

Dungeon Overview and Level Annotations

Branches:
Dungeon (15/15)            Temple (1/1) D:5            Lair (5/5) D:10
  Swamp (1/4) Lair:2        Snake (3/4) Lair:3        Slime (0/5) Lair:5
    Orc (2/2) D:9             Elf (1/3) Orc:2        Vaults (0/5) D:13
 Depths (1/4) D:15         Bailey (visited)           IceCv (visited)
Gauntlet (visited)

Altars:
Ashenzari
Cheibriados
Dithmenos
Elyvilon
Fedhas
Gozag
Hepliaklqana
Kikubaaqudgha
Makhleb
Nemelex Xobeh
Okawaru
Qazlal
Ru
Sif Muna
Trog
Uskayaw
Vehumet
Wu Jian
Xom
Yredelemnul
Zin
The Shining One

Shops:
D:1 [   D:13 (   D:14 :   Orc:2 (*[*   Snake:3 [(:

Annotations:
D:8 2 transporters, exclusions: ice statue and oklob plant, Balder's ghost, novice MiFi
Lair:1 1 runed translucent door, Mitcholas's ghost, journeyman MiBe
Snake:3 1 transporter
Elf:1 Frances


Innate Abilities, Weirdness & Mutations

You have a pair of horns on your head.
You reflexively headbutt those who attack you in melee.


Message History

The naga warrior hits you from afar with a +0 halberd!
The naga warrior barely misses you. The naga warrior constricts you.
The naga warrior hits you but does no damage.
You shoot a bolt. The bolt hits the naga warrior!!!
You kill the naga warrior!
Okawaru accepts your kill.
A naga warrior comes into view.
It is wielding a +1 hand axe of flaming.
The naga warrior misses you.
You shoot a bolt.
The bolt closely misses the naga warrior.
The naga warrior spits poison at you. The splash of poison hits you.
You are poisoned.
You resist.
The naga warrior hits you from afar with a +0 halberd!
Fire: C) +6 triple crossbow "Esilacly" {vorpal, rPois Int+7}
Press: ? - help, Q - select action, (/) - cycle Shift-Dir - straight line, f/p - naga warrior
Aim: a naga warrior, wielding a +1 hand axe of flaming (strong, catching its breath, 76% to hit)
You shoot a bolt. The bolt hits the naga warrior!!!
The naga warrior is heavily wounded.
You feel sick.
The naga warrior hits you but does no damage. x2
The naga warrior grabs you. The naga warrior constricts you.
Fire: C) +6 triple crossbow "Esilacly" {vorpal, rPois Int+7}
Press: ? - help, Q - select action, (/) - cycle Shift-Dir - straight line, f/p - naga warrior
Aim: a naga warrior, wielding a +1 hand axe of flaming (heavily wounded, constricting you, strong, catching its breath, 76% to hit)
You shoot a bolt.
The bolt barely misses the naga warrior.
You feel sick.
The naga warrior hits you from afar with a +0 halberd.
The naga warrior hits you with a +1 hand axe of flaming!!
* * * LOW HITPOINT WARNING * * *
The naga warrior burns you.
* * * LOW HITPOINT WARNING * * *
The naga warrior constricts you.
The naga warrior hits you but does no damage.
The naga warrior hits you with a +1 hand axe of flaming!!!
* * * LOW HITPOINT WARNING * * *
The naga warrior burns you.
You die...

#..###....# ##..##
##. #.## #....#
#....# #.. #.#
###### ##
#######.#####.#
###
.###.....##.)##.##
.
#.#.#####)#)#...##
..
#.#.......'[###...
#.'...8...#)##....
#.#...).....##....
#@#.#####.####....
#...NN###.....##
#.#... ###+##
####### ##.#...
#..#..#..# #
#.......# #
##.###..# . ..###
.# ##.# . #... .
#.# # #..# .# ##.#


You could see 2 naga warriors.

Vanquished Creatures
  Vashnia (Snake:2)
  Jorgrun (Snake:3)
  Kirke (D:14)
  3 nagarajas
  A frost giant (D:12)
  An ironbound preserver (D:13)
  A dire elephant (Gauntlet)
  A minotaur (Gauntlet)
  A fire dragon (Lair:5)
  Snorg (D:11)
  Harold (D:11)
  8 hydras
  A catoblepas (D:13)
  A salamander tyrant (Snake:2)
  6 centaur warriors
  4 boulder beetles
  Erica (D:10)
  9 naga warriors
  An ogre mage (D:15)
  11 two-headed ogres
  4 death yaks (Lair:1)
  5 anacondas
  A dancing weapon (Elf:1)
  A death knight (D:14)
  3 tengu warriors
  7 naga sharpshooters
  9 shock serpents
  Sonja (Lair:5)
  2 orc high priests (Orc:2)
  Urug (D:12)
  A fire crab (Lair:5)
  4 salamander mystics
  6 skeletal warriors
  A naga ritualist (Snake:2)
  A deep elf archer (Orc:2)
  A phantasmal warrior (D:14)
  A wizard (D:13)
  11 orc knights
  2 necromancers
  4 mana vipers
  10 deep elf pyromancers
  An oklob plant (Gauntlet)
  Pikel (D:8)
  2 deep elf zephyrmancers (Elf:1)
  A wolf spider (D:12)
  7 orc sorcerers
  10 ugly things
  12 salamanders
  A manticore (D:12)
  5 cyclopes
  24 black mambas
  12 elephants
  8 naga magi
  A molten gargoyle (Lair:5)
  5 cane toads
  An ice statue (IceCv)
  A gargoyle (D:12)
  2 guardian serpents
  A centaur skeleton (D:15)
  Psyche (D:8)
  2 rime drakes
  A kobold demonologist (D:11)
  4 freezing wraiths
  3 unseen horrors
  12 komodo dragons
  11 ice devils (IceCv)
  3 efreet
  A yaktaur (D:11)
  7 trolls
  2 anaconda simulacra (IceCv)
  4 tengu conjurers
  A polar bear (Lair:4)
  2 tyrant leeches (Lair:2)
  6 meliai
  A raiju (Gauntlet)
  22 blink frogs
  7 slime creatures
  2 dream sheep (D:8)
  7 saltlings (Orc:2)
  Sigmund (D:3)
  2 vampires (D:12)
  6 hogs (D:14)
  A shadow (D:12)
  2 wyverns
  3 wraiths
  A hog (shapeshifter) (D:12)
  3 fire bats (Lair:3)
  A human (D:14)
  30 yaks
  A fire elemental (Elf:1)
  8 vampire mosquitoes
  4 death yak simulacra (IceCv)
  11 basilisks
  5 steam dragons
  A swamp worm (Swamp:1)
  5 acid dragons
  3 harpy simulacra (IceCv)
  3 hydra simulacra (IceCv)
  27 nagas
  4 wargs
  5 hell hounds (Lair:5)
  20 water moccasins
  2 ice beasts (D:6)
  24 orc warriors
  2 black bears
  3 sky beasts
  10 ogres
  15 wolves
  14 centaurs
  2 lemures (D:8)
  2 phantoms
  10 kobold brigands
  12 bullfrogs
  A gnoll sergeant (D:12)
  4 necrophages
  5 cane toad simulacra (IceCv)
  3 scorpions
  10 wights
  9 killer bees
  5 elephant simulacra (IceCv)
  2 howler monkeys
  7 lava snakes
  3 gnoll boudas
  16 orc priests
  5 hounds (D:10)
  4 jellies
  2 boggart zombies (D:15)
  28 orc wizards
  Natasha (thrice) (D:2)
  4 iguanas
  6 hell rats (Lair:2)
  3 troll simulacra (IceCv)
  2 polar bear simulacra (IceCv)
  A spriggan simulacrum (IceCv)
  4 wolf simulacra (IceCv)
  15 gnolls
  8 adders
  A naga simulacrum (IceCv)
  A shadow imp (D:6)
  A white imp (D:7)
  2 ufetubi
  2 worms
  4 dart slugs
  65 orcs
  8 endoplasms
  4 giant cockroaches
  10 goblins
  6 hobgoblins
  3 jackals (D:2)
  7 quokkas
  5 ball pythons
  4 bats
  2 frilled lizards
  18 kobolds
  8 rats
869 creatures vanquished.

Vanquished Creatures (others)
  A deep elf knight (Elf:1)
  A bloated husk (Swamp:1)
  A hornet (Swamp:1)
  A steam dragon (D:8)
  An orc warrior (D:9)
  A sky beast (D:8)
  3 orc wizards
  4 orcs
  29 fungi
  12 pillars of salt (Orc:2)
  26 plants
  2 withered plants (Lair:1)
82 creatures vanquished.

Grand Total: 951 creatures vanquished

Notes
Turn   | Place    | Note
-------+----------+-------------------------------------------
     0 | D:1      | safid the Minotaur Hunter began the quest for the Orb.
     0 | D:1      | Reached XP level 1. HP: 18/18 MP: 0/0
   193 | D:1      | Reached XP level 2. HP: 26/26 MP: 1/1
   225 | D:1      | Found Fugel's Antique Armour Shoppe.
   399 | D:1      | Found a faded altar of an unknown god.
   630 | D:1      | Reached XP level 3. HP: 31/31 MP: 2/2
   700 | D:1      | Reached skill level 5 in Ranged Weapons
  1004 | D:2      | Noticed Natasha
  1007 | D:2      | Killed Natasha
  1066 | D:2      | Noticed Natasha
  1073 | D:2      | Killed Natasha
  1074 | D:2      | Reached XP level 4. HP: 37/40 MP: 3/3
  1087 | D:2      | Noticed Natasha
  1101 | D:2      | Killed Natasha
  1810 | D:3      | Found an ancient bone altar of Kikubaaqudgha.
  1855 | D:3      | Reached XP level 5. HP: 47/47 MP: 4/4
  2017 | D:3      | Noticed Sigmund
  2035 | D:3      | Killed Sigmund
  2036 | D:3      | Reached skill level 5 in Fighting
  2036 | D:3      | Reached skill level 6 in Ranged Weapons
  2036 | D:3      | Reached XP level 6. HP: 25/57 MP: 5/5
  2592 | D:4      | Found a broken altar of Ashenzari.
  2994 | D:4      | Reached skill level 7 in Ranged Weapons
  3411 | D:5      | Entered Level 5 of the Dungeon
  3431 | D:5      | Found a staircase to the Ecumenical Temple.
  3448 | Temple   | Entered the Ecumenical Temple
  3690 | Temple   | Became a worshipper of Warmaster Okawaru
  3816 | D:5      | Reached XP level 7. HP: 64/64 MP: 6/6
  4042 | D:5      | Reached * piety under Okawaru
  4374 | D:5      | Reached skill level 8 in Ranged Weapons
  4590 | D:6      | Reached XP level 8. HP: 25/74 MP: 7/7
  4846 | D:5      | Identified a scroll of acquirement
  4850 | D:5      | Acquired a +4 shortbow of flaming
  5024 | D:6      | Reached skill level 9 in Ranged Weapons
  5025 | D:6      | Found a radiant altar of Vehumet.
  5039 | D:6      | Reached skill level 10 in Ranged Weapons
  5312 | D:6      | Reached ** piety under Okawaru
  5356 | D:6      | Reached skill level 11 in Ranged Weapons
  5724 | D:6      | Reached XP level 9. HP: 81/81 MP: 8/8
  5835 | D:7      | Reached skill level 1 in Armour
  5866 | D:7      | Reached skill level 1 in Invocations
  5994 | D:7      | Found a shadowy altar of Dithmenos.
  5995 | D:7      | Found a bloodstained altar of Trog.
  5995 | D:7      | Found an ornate altar of the Wu Jian Council.
  5996 | D:7      | Found a blossoming altar of Fedhas.
  5997 | D:7      | Noticed a troll
  6011 | D:7      | Killed a troll
  6419 | D:7      | Found a hazy altar of Hepliaklqana.
  6486 | D:7      | Found a flagged portal.
  6495 | Bailey   | Entered a bailey
  6624 | Bailey   | Reached *** piety under Okawaru
  6656 | Bailey   | Identified the +3 troll leather armour "Gupysm" {rPois
                  | Regen+ Int+6}
  6667 | Bailey   | Identified the +9 scale mail of Golden Birdsong {rF+}
  6670 | Bailey   | Reached skill level 12 in Ranged Weapons
  6959 | Bailey   | Found an iron altar of Okawaru.
  7169 | D:1      | Bought a transparent cloak for 228 gold pieces
  7169 | D:1      | Identified the +0 cloak "Vimeucli" {Str+4 Int+2} (You
                  | bought it in a shop on level 1 of the Dungeon)
  7705 | D:8      | Reached XP level 10. HP: 91/91 MP: 11/11
  7768 | D:8      | Reached **** piety under Okawaru
  7821 | D:8      | Reached skill level 5 in Dodging
  7838 | D:8      | Noticed Balder's ghost (novice MiFi)
  7839 | D:8      | Noticed a seven-headed hydra
  7842 | D:8      | Noticed a two-headed ogre
  7942 | D:8      | Identified the +6 falchion "Leleirgh" {elec, rPois rF+
                  | Will+}
  7948 | D:8      | Found a transporter.
  7948 | D:8      | Noticed an oklob plant
  7975 | D:8      | Noticed an ice statue
  8048 | D:8      | Found a transporter.
  8083 | D:8      | Learned a level 2 spell: Blink
  8174 | D:8      | Noticed Pikel
  8199 | D:8      | Killed Pikel
  8200 | D:8      | Reached skill level 5 in Armour
  8304 | D:8      | Noticed Psyche
  8307 | D:8      | Killed Psyche
  8765 | D:8      | Reached skill level 10 in Fighting
  8766 | D:8      | Reached ***** piety under Okawaru
  8841 | D:8      | Noticed a two-headed hydra
  8849 | D:8      | Killed a two-headed hydra
  8850 | D:8      | Reached skill level 5 in Invocations
  9261 | D:9      | Found a white marble altar of Elyvilon.
  9304 | D:9      | Reached XP level 11. HP: 90/101 MP: 12/14
  9387 | D:9      | Noticed an angel
  9388 | D:9      | Found a glowing silver altar of Zin.
  9389 | D:9      | Found a shimmering altar of Xom.
  9445 | D:9      | Found a staircase to the Orcish Mines.
  9794 | D:9      | Reached skill level 13 in Ranged Weapons
 10204 | D:9      | Found a shimmering blue altar of Sif Muna.
 10234 | D:10     | Entered Level 10 of the Dungeon
 10675 | D:10     | Found a staircase to the Lair.
 10701 | D:10     | Noticed Erica
 10713 | D:10     | Killed Erica
 10877 | D:10     | Received a gift from Okawaru
 11151 | Lair:1   | Entered Level 1 of the Lair of Beasts
 11456 | Lair:1   | Found a runed translucent door.
 11582 | Lair:1   | Identified the +0 plate armour of Okawaru's Hope {Dex+4}
                  | (Okawaru gifted it to you on level 1 of the Lair of Beasts)
 11582 | Lair:1   | Received a gift from Okawaru
 11814 | Lair:1   | Noticed a death yak
 11815 | Lair:1   | Noticed a death yak
 11816 | Lair:1   | Noticed a death yak
 11832 | Lair:1   | Killed a death yak
 11836 | Lair:1   | Noticed a death yak
 11837 | Lair:1   | Killed a death yak
 11846 | Lair:1   | Killed a death yak
 11847 | Lair:1   | Reached XP level 12. HP: 112/112 MP: 11/16
 11853 | Lair:1   | Killed a death yak
 11905 | Lair:1   | Reached skill level 14 in Ranged Weapons
 12319 | Lair:1   | Noticed Mitcholas's ghost (journeyman MiBe)
 13738 | Lair:2   | Found a staircase to the Swamp.
 13754 | Lair:2   | Reached skill level 15 in Ranged Weapons
 14512 | Lair:3   | Reached skill level 10 in Invocations
 14683 | Lair:3   | Found a staircase to the Snake Pit.
 14748 | Lair:3   | Reached ****** piety under Okawaru
 15078 | Lair:3   | Received a gift from Okawaru
 15146 | Lair:3   | Reached skill level 16 in Ranged Weapons
 15445 | Lair:3   | Reached XP level 13. HP: 115/118 MP: 19/19
 15596 | Lair:4   | Found a gate leading to a gauntlet.
 15623 | Gauntlet | Entered a Gauntlet
 15623 | Gauntlet | Found a transporter.
 15623 | Gauntlet | Found a transporter.
 15636 | Gauntlet | Found a transporter.
 15652 | Gauntlet | Found a transporter.
 15652 | Gauntlet | Found a transporter.
 15654 | Gauntlet | Found a transporter.
 15654 | Gauntlet | Found a transporter.
 15655 | Gauntlet | Found a transporter.
 15667 | Gauntlet | Found a transporter.
 15681 | Gauntlet | Noticed a dire elephant
 15682 | Gauntlet | Found a transporter.
 15692 | Gauntlet | Found a transporter.
 15692 | Gauntlet | Noticed a reaper
 15707 | Gauntlet | Found a transporter.
 15726 | Gauntlet | Found a transporter.
 15738 | Gauntlet | Found a transporter.
 16252 | Gauntlet | Killed a dire elephant
 16276 | Gauntlet | Identified the ring of Oxourae {rElec rN+++ Will+ rCorr
                  | Str-4}
 16276 | Gauntlet | Noticed a minotaur
 16285 | Gauntlet | Killed a minotaur
 16398 | Lair:4   | Reached skill level 17 in Ranged Weapons
 17229 | Lair:5   | Entered Level 5 of the Lair of Beasts
 17593 | Lair:4   | Identified the +1 robe of the Will of the Gods {rC+ rCorr}
                  | (Okawaru gifted it to you on level 4 of the Lair of Beasts)
 17593 | Lair:4   | Received a gift from Okawaru
 17594 | Lair:4   | Reached skill level 18 in Ranged Weapons
 17975 | Lair:5   | Noticed Sonja
 17979 | Lair:5   | Killed Sonja
 18623 | Lair:5   | Reached skill level 19 in Ranged Weapons
 19095 | Lair:5   | Found a runed translucent door.
 19098 | Lair:5   | Found a staircase to the Slime Pits.
 19287 | Lair:5   | Reached XP level 14. HP: 90/126 MP: 12/20
 19559 | Lair:5   | Found a large runed translucent door.
 19560 | Lair:5   | Found a large runed translucent door.
 20315 | Orc:1    | Entered Level 1 of the Orcish Mines
 20484 | Orc:1    | You fall into a shaft and drop 1 floor!
 20484 | Orc:2    | Entered Level 2 of the Orcish Mines
 20500 | Orc:2    | Reached skill level 20 in Ranged Weapons
 20927 | Orc:2    | Identified the +6 triple crossbow "Esilacly" {vorpal, rPois
                  | Int+7} (Okawaru gifted it to you on level 2 of the Orcish
                  | Mines)
 20927 | Orc:2    | Received a gift from Okawaru
 20928 | Orc:2    | Reached skill level 1 in Translocations
 21065 | Orc:2    | HP: 6/126 [orc priest/divine providence (12)]
 21076 | Orc:1    | HP: 3/126 [orc priest/divine providence (10)]
 21974 | Orc:2    | Found a staircase to the Elven Halls.
 22227 | Orc:2    | Paralysed by an orc sorcerer for 3 turns
 22710 | Orc:2    | Identified the +7 arbalest "Muh Ufo" {elec, Int+2} (Okawaru
                  | gifted it to you on level 2 of the Orcish Mines)
 22710 | Orc:2    | Received a gift from Okawaru
 22824 | Orc:2    | Found Niushuot's Assorted Antiques.
 22830 | Orc:2    | Bought a scroll of teleportation for 114 gold pieces
 22842 | Orc:2    | Found Cuafal's Antique Weapon Shoppe.
 22844 | Orc:2    | Found Leamu's General Store.
 22849 | Orc:2    | Bought a potion of curing for 39 gold pieces
 22849 | Orc:2    | Bought a potion of heal wounds for 65 gold pieces
 22849 | Orc:2    | Bought a scroll of identify for 26 gold pieces
 22963 | Orc:2    | Found Sotz's Antique Armour Shoppe.
 23836 | D:11     | Found a frozen archway.
 23837 | D:11     | Identified the +2 robe of Zeguozih {rPois rCorr Int-4}
 23851 | IceCv    | Entered an ice cave
 24139 | IceCv    | Found an ancient bone altar of Kikubaaqudgha.
 24144 | IceCv    | Reached skill level 21 in Ranged Weapons
 24822 | D:11     | Received a gift from Okawaru
 25165 | D:11     | Noticed Harold
 25167 | D:11     | Killed Harold
 25207 | D:11     | Identified the +0 cloak "Gieth" {Fly rF++ Dex-2 Stlth+}
 25571 | D:11     | Reached XP level 15. HP: 125/134 MP: 18/21
 25654 | D:11     | Noticed Snorg
 25659 | D:11     | Killed Snorg
 25955 | D:12     | Noticed Urug
 26552 | D:12     | Identified the +2 robe of the Dolphin {rElec Slay+3}
 26596 | D:12     | Noticed a frost giant
 26601 | D:12     | Killed a frost giant
 26602 | D:12     | Reached skill level 5 in Translocations
 27346 | D:13     | Identified the +6 scale mail of Bungujoe {rF+ rCorr Str+3
                  | Dex+2} (Okawaru gifted it to you on level 13 of the
                  | Dungeon)
 27346 | D:13     | Received a gift from Okawaru
 27686 | D:13     | Found a gate to the Vaults.
 28040 | D:13     | Found Usminaofi's Antique Weapon Shop.
 28149 | D:13     | Found a sacrificial altar of Ru.
 28294 | D:14     | Reached skill level 10 in Armour
 28294 | D:14     | Noticed Kirke
 28311 | D:14     | Killed Kirke
 28420 | D:14     | Reached skill level 10 in Dodging
 29695 | D:14     | Found Qoruh's Book Emporium.
 29946 | D:15     | Entered Level 15 of the Dungeon
 30239 | D:15     | Identified the +1 crystal plate armour of Saij {rC+}
                  | (Okawaru gifted it to you on level 15 of the Dungeon)
 30239 | D:15     | Received a gift from Okawaru
 30715 | D:15     | Found a staircase to the Depths.
 30833 | D:15     | Reached XP level 16. HP: 146/146 MP: 22/22
 31530 | D:12     | Killed Urug
 31686 | Elf:1    | Entered Level 1 of the Elven Halls
 31875 | Orc:2    | HP: 5/146 [something/lance of force (17)]
 32596 | Swamp:1  | Entered Level 1 of the Swamp
 32968 | Snake:1  | Entered Level 1 of the Snake Pit
 33254 | Snake:1  | Reached skill level 22 in Ranged Weapons
 33403 | Snake:1  | Got the Anthology of Geological Striking
 33579 | Snake:1  | Identified the +7 longbow of Poytus {flame, Int+2 Stlth+}
                  | (Okawaru gifted it to you on level 1 of the Snake Pit)
 33579 | Snake:1  | Received a gift from Okawaru
 34225 | Depths:1 | Entered Level 1 of the Depths
 34989 | Elf:1    | Noticed Frances
 35579 | Snake:2  | Noticed Vashnia
 35938 | Snake:2  | Reached skill level 15 in Fighting
 36238 | Snake:2  | Killed Vashnia
 36738 | Snake:2  | Reached skill level 23 in Ranged Weapons
 37428 | Snake:3  | Found a transporter.
 37443 | Snake:3  | Reached XP level 17. HP: 152/156 MP: 23/23
 37448 | Snake:3  | Found Nevvoat's Armour Emporium.
 37452 | Snake:3  | Found Paerys's Antique Weapon Shoppe.
 37453 | Snake:3  | Found Loff's Book Emporium.
 37706 | Snake:3  | Noticed Jorgrun
 37711 | Snake:3  | Killed Jorgrun
 37914 | Snake:3  | Identified the +1 ring mail "Wall" {Fly Int+4 Dex+7 Stlth-}
                  | (Okawaru gifted it to you on level 3 of the Snake Pit)
 37914 | Snake:3  | Received a gift from Okawaru
 38099 | Snake:3  | HP: 1/156 [naga warrior/+1 hand axe of flaming (41)]
 38099 | Snake:3  | Slain by a naga warrior

Illustrated notes

Levels and vault maps discovered:
D:1:      psy_arrival_whirlpool, layout_basic,
          hellmonk_ecumenical_altar_lost_god, serial_shops,
          nicolae_diamond_shop, minmay_octomino_j4
D:2:      layout_rooms, uniq_natasha
D:3:      layout_rooms, nicolae_overflow_crystal_walls, amethyst_killhole,
          uniq_sigmund
D:4:      wad_lake_hut, layout_basic, ashenzari_altar_1,
          hangedman_decor_riveting
D:5:      layout_gridville, temple_green, nicolae_underground_beach
D:6:      layout_basic, old_standard_altar
D:7:      layout_loops_ring, mainiacjoe_overflow_boulevard,
          chequers_temple_overflow_statue_of_worship, enter_bailey_2
D:8:      kennysheep_steamy, layout_loops_ring, nzn_ghost_randoct,
          hangedman_ranch, uniq_psyche, uniq_pikel
D:9:      layout_basic, grunt_temple_overflow_order_and_chaos_1,
          nicolae_sif_muna_little_library, mainiacjoe_overflow_six_doors_small,
          orc_0_dummy
D:10:     layout_irregular_city, erik_lair_island, feat_on_display, uniq_erica
D:11:     layout_cave_pods, portal_ice_cave_entry_pillars_2, uniq_snorg,
          uniq_harold
D:12:     nicolae_hexawheel, layout_irregular_city, uniq_urug
D:13:     layout_basic, skrybe_vaults_entry_preservation, serial_shops,
          nicolae_lakefront_shop, nicolae_ru_great_annihilating_truth
D:14:     layout_long_grid, nicolae_hexahallways, serial_shops, kennysheep_mini,
          uniq_kirke
D:15:     grunt_enter_depths_magical_seal, layout_cave_pods,
          chequers_serial_rivers_small_b
Temple:   hellmonk_temple_flake
Lair:1:   layout_long_grid, gammafunk_ghost_grave, grunt_megastairs_2
Lair:2:   layout_layer_cave, minmay_swamp_entry_worms, serial_bayou_pond_d,
          beast_lair_carwin_8, grunt_megastairs_4, serial_bayou_shore_a
Lair:3:   layout_gridlike, minmay_snake_entry_six_corridors
Lair:4:   layout_cave_pods, gauntlet_entry_generic, lemuel_fruit_tree,
          serial_bayou_shore_b
Lair:5:   cheibrodos_lair_end_hotspot, layout_concentric_octagons,
          slime_entry_2, uniq_sonja
Swamp:1:  nicolae_swamp_wrong_neighborhood, layout_basic_swamp,
          nicolae_swamp_dense_foliage, uniq_josephine
Snake:1:  layout_misc_corridors
Snake:2:  layout_cave_town, uniq_vashnia
Snake:3:  layout_layer_cave, gammafunk_ghost_abyssal_escape, grunt_megastairs_1,
          minmay_shop_star, uniq_jorgrun
Orc:1:    layout_caves
Orc:2:    hellmonk_orc_salted, layout_diamond_mine, basic_altar,
          guppyfry_library_mini
Elf:1:    eino_elf_arrival_shootout, layout_loops_cross,
          kennysheep_underground_church, uniq_frances
Depths:1: layout_honeycomb, muffindrake_ghost_three_little_ghosts, hell_entry,
          grunt_decor_clamped, abyss_entry_small_statue_room,
          roderic_st_hans_cross, elyvilon_altar_1, uniq_sojobo

Skill      XL: |  1  2  3  4  5  6  7  8  9 10 11 12 13 14 15 16 |
---------------+-------------------------------------------------+-----
Fighting       | 3 4 5 6 8 9 10 11 12 14 15 | 15.0
Ranged Weapons | 5 6 7 8 11 12 13 16 19 21 23 | 23.8
Armour         | 4 6 8 10 12 | 12.0
Invocations    | 3 5 7 10 | 10.0
Dodging        | 4 6 8 10 12 | 12.0
Translocations | 4 6 |  6.0
Stealth        | |  0.7

Action                   |  1- 3 |  4- 6 |  7- 9 | 10-12 | 13-15 | 16-18 || total
-------------------------+-------+-------+-------+-------+-------+-------++-------
Melee: Triple crossbow   |       |       |       |       |     5 |       ||     5
       Headbutt          |       |       |       |       |     2 |       ||     2
 Fire: Shortbow          |    92 |   173 |   345 |   325 |       |       ||   935
       Arbalest          |       |       |       |   365 |   399 |       ||   764
       Triple crossbow   |       |       |       |       |   679 |   468 ||  1147
Invok: Finesse           |       |       |       |     4 |    13 |    12 ||    29
       Heroism           |       |       |       |       |     1 |       ||     1
  Use: Scroll            |       |       |    10 |    10 |    21 |    10 ||    51
       Potion            |       |       |     2 |     2 |     7 |     4 ||    15
Armor: Leather armour    |     6 |       |       |       |       |       ||     6
       Ring mail         |    26 |    27 |    44 |       |       |       ||    97
       Scale mail        |       |       |    80 |   322 |   546 |   181 ||  1129
Dodge: Dodged            |    27 |    33 |   134 |   321 |   520 |   253 ||  1288
